Map: Ulrena

Players

LilDicky - Winner!

  • Race: Terran Terran
  • League: Diamond

cloo

  • Race: Protoss Protoss
  • League: Diamond

VOD

http://www.twitch.tv/tumescentpie

Description

Time

  • Played on: Dec. 20, 2015, 2:02 p.m.
  • Length: 8:22
Show
View Real Time Build Order
Export as new Build Order

LilDicky Terran - Winner!

Build Orders: MMM Bio 

Get SALT Encoding   

  12  0:04  SCV  
  13  0:16  SCV  
  14  0:23  Supply Depot  
  14  0:28  SCV  
  15  0:32  Refinery  
  15  0:44  SCV  
  15  0:47  Barracks  
  16  0:56  SCV  
  17  1:08  SCV  
  18  1:22  SCV  
  19  1:34  Marine  
  19  1:35  Orbital Command  
  19  1:38  Supply Depot  
  20  1:43  Factory  
  20  1:52  Marine  
  21  2:05  Barracks  
  21  2:10  Barracks  
  21  2:20  SCV  
  21  2:22  Barracks Reactor  
  22  2:28  Supply Depot  
  22  2:32  SCV  
  22  2:33  Refinery  
  23  2:53  Barracks Tech Lab  
  23  2:57  SCV  
  23  3:00  Barracks Tech Lab  
  23  3:03  Supply Depot  
  23  3:05  Widow Mine  
  25  3:06  Marine x2  
  25  3:09  SCV  
  28  3:16  Stimpack  
  28  3:18  Combat Shields  
  28  3:20  Marine  
  28  3:22  Marine  
  30  3:30  Marine  
  30  3:31  Marine  
  32  3:39  Widow Mine  
  32  3:41  Marine x2  
  36  3:48  Supply Depot, Marine  
  36  3:49  SCV  
  38  3:56  Marine  
  38  3:58  Marine  
  38  4:01  SCV  
  41  4:03  Marine  
  41  4:06  Marine  
  43  4:23  Marine, Marauder x2  
  43  4:24  Marine  
  49  4:35  Starport  
  49  4:38  SCV  
  49  4:42  Marine  
  49  4:44  Marauder  
  53  4:46  Widow Mine  
  55  5:20  Marine x2  
  55  5:21  Supply Depot, Marauder x2, Medivac  
  44  5:43  Marauder  
  44  5:46  Marine x2  
  47  5:51  Medivac  
  47  5:55  Marine  
  47  6:04  SCV, Marine x3  
  47  6:05  Supply Depot  
  50  6:16  SCV  
  50  6:21  Medivac  
  48  6:39  Marine x2  
  42  6:40  Marine  
  42  6:41  Marine  
  42  6:45  SCV  
  47  6:50  Widow Mine  
  49  6:56  Command Center  
  49  6:57  Marine x3  
  49  6:59  Marine  
  53  7:06  SCV  
  54  7:15  Marine x3  
  55  7:16  Marine  
  58  7:33  Marine  
  58  7:34  Marine x2  
  58  7:35  Marine  
  52  7:54  Marine x3  
  52  7:55  Marine  
Show
View Real Time Build Order
Export as new Build Order

cloo Protoss 

Build Orders:  

Get SALT Encoding   

  12  0:01  Probe (Chrono Boost)  
  13  0:11  Probe (Chrono Boost)  
  14  0:20  Pylon  
  14  0:22  Probe (Chrono Boost)  
  15  0:40  Gateway  
  15  0:41  Probe (Chrono Boost)  
  16  0:49  Assimilator  
  16  0:52  Probe (Chrono Boost)  
  17  1:04  Probe (Chrono Boost), Pylon  
  18  1:15  Probe (Chrono Boost)  
  19  1:25  Probe (Chrono Boost)  
  20  1:36  Cybernetics Core, Probe (Chrono Boost)  
  21  1:46  Probe (Chrono Boost)  
  21  2:03  Nexus  
  21  2:05  Pylon  
  21  2:07  Probe (Chrono Boost)  
  22  2:12  Warp Gate (Chrono Boost), Assimilator  
  22  2:18  Adept (Chrono Boost)  
  22  2:22  Probe  
  25  2:34  Mothership Core  
  27  2:55  Probe  
  27  2:57  Gateway  
  28  3:00  Pylon  
  28  3:05  Pylon  
  28  3:08  Probe  
  29  3:20  Probe  
  30  3:29  Probe  
  31  3:40  Pylon  
  31  3:41  Pylon  
  31  3:43  Pylon  
  31  3:45  Pylon  
  31  3:46  Adept x2  
  28  3:52  Gateway  
  28  4:17  Robotics Facility  
  23  4:38  Probe  
  23  4:40  Probe  
  25  5:05  Probe, Observer (Chrono Boost)  
  25  5:06  Probe  
  26  5:15  Probe  
  26  5:18  Probe  
  23  5:43  Adept  
  23  5:44  Adept x2  
  22  6:07  Mothership Core  
  18  6:37  Probe  
  18  6:38  Probe  
  20  6:42  Pylon  
  20  6:52  Probe  
  20  6:53  Probe  
  22  7:01  Adept  
  24  7:09  Adept  
  25  7:25  Adept x2  
  18  7:50  Adept x3  
  12  8:05  Pylon  
  12  8:06  Pylon  
  12  8:09  Pylon  
Tags
 
Add a new tag
Caveats
  • Supply blocks, unpowered buildings, or Contaminate may cause inaccurate times.
  • Supply counts are checked every 10 seconds.